 Dungeon Crawl Stone Soup version 0.27.1-35-g4d5d836560 (webtiles) character file.

Game seed: 8716747484784490337

83 croobank the Skirmisher (level 4, -5/37 HPs)
             Began as a Demonspawn Abyssal Knight on June 28, 2022.
             Was a Believer of Lugonu.
             Slain by an ogre (19 damage)
             ... on level 3 of the Dungeon.
             The game lasted 00:04:34 (2620 turns).

croobank the Skirmisher (Demonspawn Abyssal Knight) Turns: 2620, Time: 00:04:41

Health: -5/37      AC:  7    Str: 12    XL:     4   Next: 22%
Magic:  5/5        EV: 10    Int: 15    God:    Lugonu [**....]
Gold:   81         SH:  0    Dex: 12    Spells: 3/3 levels left

rFire    . . .     SeeInvis .   a - +3 hand axe
rCold    . . .     Faith    .   (no shield)
rNeg     . . .     Spirit   .   f - +0 ring mail
rPois    .         Reflect  .   (no helmet)
rElec    .         Harm     .   (no cloak)
rCorr    .         Rampage  .   (no gloves)
Will     .....                  (no boots)
Stlth    +.........             (no amulet)
HPRegen  0.12/turn              (no ring)
MPRegen  0.09/turn              (no ring)

@: no status effects
A: hooves 1, icy blue scales 1, spiny 1
a: Renounce Religion, Depart the Abyss, Bend Space


You were on level 3 of the Dungeon.
You worshipped Lugonu.
Lugonu was pleased with you.
You visited 1 branch of the dungeon, and saw 4 of its levels.
You visited the Abyss 1 time.

You collected 81 gold pieces.

Inventory:

Hand Weapons
 a - a +3 hand axe (weapon)
 e - a +0 long sword
 h - a +0 dagger
 i - a +0 flail
 j - a +0 great mace
Armour
 b - a +0 leather armour
 f - a +0 ring mail (worn)
 l - a +0 hat
Magical Staves
 d - a staff of air
Scrolls
 c - a scroll of vulnerability
Potions
 g - 2 potions of curing
 k - a potion of attraction {unknown}


   Skills:
 + Level 3.7 Fighting
 + Level 2.2 Axes
 + Level 2.6 Armour
 + Level 1.7 Dodging
 + Level 0.2 Stealth
 + Level 2.5 Invocations


You had 3 spell levels left.
You didn't know any spells.
Your spell library contained the following spells:

 Spells                   Type           Power      Damage    Failure   Level
 Gell's Gravitas          Tloc           0%         N/A       87%         3
 Lesser Beckoning         Tloc           0%         N/A       87%         3
 Teleport Other           Tloc           0%         N/A       87%         3


Dungeon Overview and Level Annotations

Branches:
Dungeon (4/15)
 Temple: D:4-7

Altars:


Innate Abilities, Weirdness & Mutations

You have large cloven feet.
You are partially covered in icy blue scales. (AC +2)
You are partially covered in sharp spines.


Message History

You fall into a shaft and drop 1 floor!
The shaft crumbles and collapses.
An ogre comes into view. It is wielding a +0 giant club.
The ogre shouts!
Found a scale mail.
Found a stone staircase leading up and a stone staircase leading down.
A gnoll comes into view. It is wielding a +0 halberd.
A bullfrog comes into view.
The bullfrog moves out of view.
The gnoll barely misses you.
There is a stone staircase leading up here.
The gnoll is struck by your spines. The gnoll barely misses you.
You climb upwards.
There is a stone staircase leading down here.
You barely miss the gnoll. You kick the gnoll, but do no damage.
The gnoll is moderately wounded.
You hit the ogre. The ogre completely misses you.
The gnoll hits you with a +0 halberd.
You hit the gnoll.
The gnoll is severely wounded.
You barely miss the ogre.
The ogre hits you with a +0 giant club!!
Ouch! That really hurt!
The gnoll is struck by your spines. The gnoll closely misses you.
You are too injured to fight recklessly!
You are too injured to fight recklessly!
Unknown command.
You are too injured to fight recklessly!
You barely miss the gnoll. You kick the gnoll.
The gnoll is almost dead.
You barely miss the ogre. The ogre closely misses you.
The gnoll closely misses you.
Unknown command.
You hit the gnoll.
You kill the gnoll!
Lugonu accepts your kill.
You barely miss the ogre. The ogre is struck by your spines.
The ogre hits you with a +0 giant club!!
Ouch! That really hurt!
You die...

##########
#........#
#........#
#.......^#
#........#########
†........+.....O@#
#........####.##)#
>.......## #.#
#######..# #.#
#######.####.##.#
..............#.#
.######.##....#.#
#<......# ...#.#
#.####..# ..#


You could see an ogre.

Vanquished Creatures
  A gnoll (D:3)
  4 adders
  A worm (D:3)
  2 dart slugs
  5 endoplasms
  2 giant cockroaches
  5 hobgoblins
  4 kobolds
  A quokka (D:2)
  5 ball pythons
  3 bats
  A frilled lizard (D:2)
  4 goblins
  2 rats (D:2)
  2 toadstools (D:1)
42 creatures vanquished.

Vanquished Creatures (others)
  2 toadstools (D:1)
2 creatures vanquished.

Grand Total: 44 creatures vanquished

Notes
Turn   | Place    | Note
-------+----------+-------------------------------------------
     0 | Abyss:1  | croobank the Demonspawn Abyssal Knight began the quest for
                  | the Orb.
     0 | Abyss:1  | Reached XP level 1. HP: 18/18 MP: 2/2
     4 | Abyss:1  | Found a corrupted altar of Lugonu.
    18 | Abyss:1  | Found a corrupted altar of Lugonu.
    22 | Abyss:1  | Found a corrupted altar of Lugonu.
    40 | D:1      | Escaped the Abyss
   182 | D:1      | Found a faded altar of an unknown god.
   567 | D:1      | Reached skill level 1 in Dodging
   679 | D:1      | Gained mutation: You have large cloven feet. [demonic
                  | ancestry]
   679 | D:1      | Reached XP level 2. HP: 21/24 MP: 3/3
  1323 | D:2      | Gained mutation: You are partially covered in sharp spines.
                  | [demonic ancestry]
  1323 | D:2      | Reached XP level 3. HP: 19/29 MP: 4/4
  2132 | D:2      | Reached ** piety under Lugonu
  2401 | D:3      | Gained mutation: You are partially covered in icy blue
                  | scales. (AC +2) [demonic ancestry]
  2401 | D:3      | Reached XP level 4. HP: 36/37 MP: 5/5
  2608 | D:3      | You fall into a shaft and drop 1 floor!
  2608 | D:4      | Noticed an ogre
  2610 | D:4      | Noticed a bullfrog
  2620 | D:3      | Slain by an ogre

Illustrated notes

Levels and vault maps discovered:
D:1:      ldierk_water_garden, layout_loops_ring,
          hellmonk_ecumenical_altar_prayer_group
D:2:      minmay_inner_zag, layout_basic
D:3:      layout_basic
D:4:      kennysheep_kobold_camp, layout_cave_pools,
          grunt_temple_overflow_magic_moments,
          mainiacjoe_overflow_cross_hatched, nicolae_overflow_hidden_temple,
          uniq_pikel, uniq_sigmund, uniq_grinder

Skill      XL: |  1  2 |
---------------+-------+-----
Dodging        | 1 |  1.7
Armour         | 2 |  2.6
Axes           | 2 |  2.2
Fighting       | |  3.7
Stealth        | |  0.2
Invocations    | |  2.5

Action                   |  1- 3 |  4- 6 || total
-------------------------+-------+-------++-------
Melee: Hand axe          |    93 |    16 ||   109
       Kick              |    12 |     3 ||    15
  Use: Scroll            |     5 |     4 ||     9
Armor: Leather armour    |     5 |       ||     5
       Ring mail         |    22 |     1 ||    23
Dodge: Dodged            |    50 |    10 ||    60
